Map: Acid Plant LE

Players

Harstem

  • Race: Protoss Protoss
  • Spawn Location: 5:00

HeRoMaRinE - Winner!

  • Race: Terran Terran
  • Spawn Location: 11:00

Event: WCS Leipzig 2018

VOD

Have the link to the VOD?

Description

Time

  • Played on: Jan. 26, 2018, 10:30 a.m.
  • Length: 10:52

All games in this series

Show
View Real Time Build Order
Export as new Build Order

Harstem Protoss 

Build Orders: 1 Gate Expand, Oracle Opening, Zealot Archon 

Get SALT Encoding   

  12  0:00  Probe  
  13  0:12  Probe  
  14  0:18  Pylon  
  14  0:25  Probe (Chrono Boost)  
  15  0:37  Probe (Chrono Boost), Gateway  
  16  0:45  Probe (Chrono Boost)  
  16  0:46  Assimilator  
  17  0:51  Probe  
  18  1:03  Probe  
  19  1:15  Probe  
  20  1:26  Nexus  
  20  1:34  Cybernetics Core  
  20  1:37  Probe  
  21  1:43  Assimilator  
  21  1:49  Probe  
  22  1:54  Pylon  
  22  2:01  Probe  
  23  2:10  Adept (Chrono Boost)  
  23  2:13  Probe  
  26  2:20  Stargate  
  26  2:28  Probe, Warp Gate  
  27  2:31  Adept  
  29  2:39  Probe (Chrono Boost)  
  29  2:40  Probe (Chrono Boost)  
  31  2:51  Probe (Chrono Boost)  
  33  2:52  Probe (Chrono Boost)  
  33  2:56  Probe x2 (Chrono Boost)  
  35  3:04  Oracle (Chrono Boost)  
  35  3:05  Probe  
  39  3:06  Probe  
  39  3:12  Adept  
  42  3:15  Pylon  
  42  3:17  Probe  
  42  3:18  Probe  
  44  3:29  Probe  
  44  3:30  Probe  
  44  3:32  Oracle  
  46  3:36  Pylon  
  47  3:41  Probe  
  47  3:42  Probe  
  46  3:53  Probe (Chrono Boost)  
  48  3:57  Probe (Chrono Boost)  
  48  4:00  Nexus  
  48  4:05  Gateway  
  47  4:11  Phoenix (Chrono Boost)  
  47  4:12  Probe x2 (Chrono Boost)  
  49  4:18  Shield Battery  
  49  4:21  Probe  
  49  4:23  Probe  
  51  4:29  Gateway  
  51  4:30  Phoenix (Chrono Boost)  
  53  4:33  Probe  
  53  4:35  Probe  
  55  4:42  Pylon  
  55  4:45  Probe  
  56  4:46  Assimilator  
  56  4:47  Probe  
  56  4:50  Assimilator  
  56  4:52  Phoenix (Chrono Boost)  
  57  4:57  Probe, Pylon  
  60  5:01  Probe  
  60  5:06  Twilight Council, Forge  
  61  5:09  Probe  
  61  5:13  Probe  
  63  5:14  Probe  
  64  5:21  Probe  
  64  5:23  Phoenix  
  64  5:25  Probe  
  64  5:26  Probe  
  69  5:31  Protoss Ground Armor Level 1 (Chrono Boost)  
  69  5:33  Probe  
  70  5:37  Probe  
  72  5:43  Charge (Chrono Boost)  
  72  5:44  Pylon  
  72  5:48  Gateway  
  72  5:49  Gateway  
  74  5:55  Probe  
  70  5:58  Probe  
  70  5:59  Probe  
  71  6:06  Phoenix  
  71  6:07  Probe  
  71  6:10  Probe  
  75  6:12  Gateway  
  75  6:14  Probe  
  75  6:16  Gateway  
  76  6:18  Stalker, Sentry  
  76  6:19  Probe, Stalker  
  76  6:22  Probe  
  84  6:26  Shield Battery  
  84  6:27  Probe  
  84  6:31  Probe  
  86  6:33  Gateway  
  86  6:34  Pylon  
  86  6:40  Probe  
  86  6:41  Templar Archives, Phoenix (Chrono Boost)  
  86  6:45  Pylon  
  89  6:48  Pylon  
  89  6:52  Zealot x2, Pylon  
  93  6:59  Zealot x3  
  97  7:03  Pylon  
  97  7:07  Pylon  
  97  7:08  Zealot  
  99  7:09  Phoenix (Chrono Boost)  
  99  7:12  Zealot x2  
  105  7:16  Shield Battery  
  105  7:18  Zealot  
  105  7:19  High Templar  
  105  7:20  High Templar  
  111  7:24  Zealot, Archon  
  113  7:30  Zealot  
  111  7:42  Zealot x3  
  96  7:47  Zealot  
  96  7:50  Phoenix (Chrono Boost)  
  94  7:53  Probe x2  
  96  7:58  Zealot x3  
  102  8:06  Oracle (Chrono Boost)  
  102  8:12  Zealot x5  
  113  8:13  Probe x2  
  113  8:14  Assimilator  
  113  8:18  Probe  
  113  8:19  Robotics Facility, Protoss Ground Armor Level 2 (Chrono Boost)  
  116  8:20  Assimilator, Forge  
  116  8:25  High Templar x2, Zealot  
  123  8:29  Pylon  
  122  8:38  Probe  
  122  8:39  Pylon  
  122  8:40  Probe  
  124  8:44  Blink (Chrono Boost)  
  124  8:45  Archon  
  124  8:47  Stalker, Pylon, Protoss Ground Weapons Level 1 (Chrono Boost), Nexus  
  124  8:57  Stalker x3  
  130  9:04  Stalker x2, Warp Prism (Chrono Boost)  
  136  9:12  Stalker  
  136  9:13  Zealot  
  140  9:22  Zealot x3  
  144  9:30  High Templar  
  144  9:31  Pylon  
  146  9:32  High Templar  
  146  9:33  Immortal (Chrono Boost)  
  146  9:37  Archon  
  152  9:49  Zealot x6  
  156  9:56  Pylon  
  156  9:58  Pylon  
  152  10:10  Stalker x6  
  152  10:13  Zealot  
  164  10:23  Zealot  
  152  10:33  Zealot  
  139  10:42  Zealot x5  
  122  10:43  Zealot  
Show
View Real Time Build Order
Export as new Build Order

HeRoMaRinE Terran - Winner!

Build Orders: Gas First Reaper Expand, Reaper Expand, MMM Bio, Banshee Rush 

Get SALT Encoding   

  12  0:00  SCV  
  13  0:12  SCV  
  14  0:17  Supply Depot  
  14  0:24  SCV  
  14  0:27  Refinery  
  15  0:38  SCV  
  16  0:44  Barracks  
  16  0:50  SCV  
  17  1:03  SCV  
  18  1:15  SCV  
  19  1:31  Orbital Command, Reaper  
  20  1:44  Command Center  
  20  1:55  Factory  
  20  1:59  SCV  
  21  2:05  Barracks Reactor  
  21  2:11  SCV  
  22  2:17  Supply Depot  
  22  2:23  SCV  
  22  2:24  Refinery  
  23  2:39  SCV  
  23  2:43  Starport  
  24  2:50  Hellion x2  
  28  2:51  SCV  
  28  2:56  Orbital Command  
  29  3:03  SCV  
  30  3:11  Widow Mine x2  
  34  3:13  Barracks Tech Lab  
  34  3:15  SCV  
  35  3:22  SCV  
  36  3:27  SCV  
  36  3:30  Supply Depot  
  37  3:35  Cloaking Field  
  37  3:46  SCV x2  
  34  3:49  Banshee  
  34  3:50  Widow Mine  
  34  3:51  Widow Mine  
  41  3:58  SCV, Supply Depot  
  41  3:59  SCV  
  43  4:05  Barracks  
  43  4:10  SCV, Barracks Tech Lab  
  43  4:11  SCV  
  45  4:18  Engineering Bay  
  45  4:23  SCV x2, Barracks  
  47  4:25  Supply Depot  
  47  4:31  Factory Reactor  
  47  4:32  Banshee, Marine  
  47  4:35  SCV x2  
  53  4:38  Stimpack  
  53  4:41  Refinery  
  53  4:47  SCV x2  
  53  4:49  Refinery  
  53  4:50  Marine  
  56  4:59  SCV x2  
  58  5:00  Terran Infantry Weapons Level 1  
  58  5:06  Supply Depot, Marine x2  
  60  5:07  Marine  
  60  5:11  SCV x2  
  63  5:14  Missile Turret  
  63  5:17  Factory Reactor  
  63  5:20  Supply Depot  
  63  5:23  SCV x2  
  63  5:24  Marine x2, Combat Shields  
  63  5:25  Marine  
  63  5:27  Marine  
  69  5:36  Medivac x2  
  69  5:41  Marine  
  69  5:42  Marine  
  77  5:43  Marine  
  77  5:45  Supply Depot, Marine  
  77  5:59  Marine x2  
  77  6:00  Widow Mine x2  
  77  6:01  Marine  
  77  6:03  Marine  
  82  6:17  SCV x2, Command Center, Marine x2  
  82  6:18  Missile Turret  
  84  6:19  Marine  
  84  6:21  Marine  
  84  6:22  Widow Mine x2  
  84  6:24  Medivac x2  
  91  6:29  SCV x2  
  93  6:35  Marine  
  93  6:38  Barracks  
  94  6:41  Barracks  
  94  6:43  Supply Depot  
  94  6:49  Supply Depot  
  94  6:51  Factory Reactor  
  94  6:52  Supply Depot  
  94  6:54  Liberator x2  
  94  7:03  Terran Infantry Armor Level 1  
  94  7:04  Marine x4  
  94  7:05  SCV x2  
  100  7:08  Supply Depot  
  106  7:17  SCV x2  
  106  7:18  Armory  
  106  7:20  Engineering Bay  
  108  7:24  Marauder x2  
  111  7:34  SCV x2  
  112  7:38  Liberator x2  
  100  7:45  Marauder x2  
  100  7:50  Marine x2  
  95  7:52  Barracks Tech Lab  
  95  7:53  Widow Mine x2  
  95  7:57  SCV  
  95  7:58  SCV  
  106  8:10  Marauder x2  
  107  8:14  Terran Infantry Weapons Level 2, Marine  
  107  8:15  Marine x3  
  107  8:16  Marauder  
  107  8:17  Widow Mine x2  
  107  8:19  SCV x2  
  115  8:27  Missile Turret, Ghost Academy  
  115  8:31  SCV x2, Marine x2  
  115  8:32  Marine  
  120  8:40  Orbital Command  
  120  8:43  Medivac, Liberator  
  120  8:45  Widow Mine x2  
  120  8:46  Marauder  
  120  8:47  Marine x2  
  130  8:49  Marine  
  130  8:51  Supply Depot  
  130  8:54  Marauder  
  130  8:55  Marine x2  
  133  8:56  Liberator  
  138  9:04  Marine  
  138  9:05  Refinery, Marine  
  138  9:08  SCV  
  141  9:12  Supply Depot  
  141  9:13  SCV x2  
  141  9:14  Supply Depot  
  146  9:22  Concussive Shells  
  146  9:23  Ghost, Marine  
  146  9:24  Marine x3  
  148  9:34  Supply Depot x2, Marauder x2, Widow Mine x2  
  148  9:37  SCV  
  148  9:38  SCV  
  156  9:40  SCV  
  156  9:50  SCV x2, Marine x2  
  156  9:51  Liberator  
  156  9:52  SCV, Marauder  
  159  9:53  Marine x2  
  159  9:56  Widow Mine x2, Marauder  
  165  10:06  Marauder  
  165  10:10  Marine x2  
  165  10:11  Marine  
  165  10:12  Marine, Barracks x2  
  165  10:14  Marauder, Barracks  
  174  10:16  Marine  
  173  10:26  Widow Mine x2  
  173  10:27  Marine x2  
  173  10:28  Marine  
  177  10:29  Marine x2  
Tags
 
Add a new tag
Caveats
  • Supply blocks, unpowered buildings, or Contaminate may cause inaccurate times.
  • Supply counts are checked every 10 seconds.